 Dungeon Crawl Stone Soup version 0.31-a0-236-g9a0961fb85 (webtiles) character file.

Game seed: 14994800359352665336

39 qw the Shooter (level 3, 0/21 HPs)
             Began as a Gargoyle Hexslinger on July 9, 2023.
             Killed from afar by Terence (3 damage)
             ... with a puff of flame
             ... on level 2 of the Dungeon.
             The game lasted 00:00:25 (1273 turns).

qw the Shooter (Gargoyle Hexslinger)                Turns: 1273, Time: 00:00:25

Health: 0/21       AC:  7    Str: 11    XL:     3   Next: 45%
Magic:  4/4        EV: 11    Int: 13    God:
Gold:   54         SH:  0    Dex: 14    Spells: 3/4 levels left

rFire   . . .        Y - +1 sling
rCold   . . .        (no shield)
rNeg    + . .        d - +0 leather armour
rPois   inf          (no helmet)
rElec   +            f - +0 cloak
rCorr   .            (no gloves)
SInv    .            (no boots)
Will    .....        (no amulet)
Stlth   +            (no ring)
HPRegen 0.23/turn    (no ring)
MPRegen 0.09/turn

%: no passive effects
@: no status effects
A: sickness immunity, AC +3, negative energy resistance 1, electricity
resistance, torment resistance 1, petrification resistance
a: no special abilities


You were on level 2 of the Dungeon.
You visited 1 branch of the dungeon, and saw 2 of its levels.

You collected 54 gold pieces.


Innate Abilities, Weirdness & Mutations

You are immune to sickness and miasma.
Your stone body is resilient. (AC +3)
You are immune to poison.
You resist negative energy. (rN+)
You are resistant to electric shocks. (rElec)
You are resistant to unholy torment.
You are immune to petrification.


   Skills:
 - Level 2.0 Fighting
 + Level 3.3 Ranged Weapons
 - Level 1.5 Dodging
 - Level 1.0 Spellcasting
 - Level 2.6 Hexes


You had 3 spell levels left.
You knew the following spells:

 Your Spells              Type           Power      Damage    Failure   Level
a - Slow                  Hex            28%        N/A       12%         1

Your spell library contained the following spells:

 Spells                   Type           Power      Damage    Failure   Level
 Inner Flame              Hex/Fire       4%         N/A       54%         3
 Portal Projectile        Hex/Tloc       8%         N/A       54%         3
 Cause Fear               Hex            3%         N/A       77%         4

Inventory:

Hand Weapons
 Y - a +1 sling (weapon)
Armour
 d - a +0 leather armour (worn)
 f - a +0 cloak (worn)
Scrolls
 a - a scroll of identify
 b - a scroll of enchant armour {unknown}
Potions
 e - a potion of mutation {unknown}
 g - a potion of magic {unknown}

Dungeon Overview and Level Annotations

Branches:
Dungeon (2/15)

Altars:

Shops:
D:1 **

Annotations:
D:2 Terence


Message History

Terence is lightly wounded.
Terence hits you with a +0 mace. x2
You shoot a sling bullet.
The sling bullet hits Terence but does no damage.
Terence is lightly wounded.
A rat comes into view.
Terence closely misses you.
You shoot a sling bullet.
The sling bullet hits Terence but does no damage.
Terence is lightly wounded.
Terence says, "How do you enjoy it?"
Terence zaps a wand.
The puff of flame misses you.
You shoot a sling bullet. The sling bullet barely misses Terence.
The sling bullet hits the rat.
The rat is moderately wounded.
Terence hits you with a +0 mace.
You shoot a sling bullet.
The sling bullet closely misses Terence.
The sling bullet hits the rat.
You kill the rat!
Terence zaps a wand.
The puff of flame hits you. Terence hits you but does no damage.
You shoot a sling bullet.
The sling bullet hits Terence but does no damage.
Terence is lightly wounded.
Terence hits you with a +0 mace.
You shoot a sling bullet. The sling bullet hits Terence.
Terence is moderately wounded.
Terence closely misses you.
You shoot a sling bullet.
The sling bullet closely misses Terence.
Terence closely misses you.
You shoot a sling bullet.
The sling bullet closely misses Terence.
Terence hits you with a +0 mace.
You shoot a sling bullet. The sling bullet hits Terence.
Terence is heavily wounded.
Terence zaps a wand.
The puff of flame misses you.
Terence zaps a wand.
The puff of flame hits you.
You die...

#.. #.# #%#
#.# #.# #.#
#@# #@#
#.## #..#
##.## #..#
###### #
##.##
.....# #
#.###..#
####)# #.#
#....#)##
#.#
...###.#..#


You could see Terence.

Vanquished Creatures
  4 ball pythons
  2 endoplasms (D:1)
  A giant cockroach (D:1)
  4 goblins
  2 hobgoblins (D:1)
  12 jackals
  3 kobolds
  3 bats (D:1)
  3 rats
34 creatures vanquished.

Notes
Turn   | Place    | Note
-------+----------+-------------------------------------------
     0 | D:1      | qw the Gargoyle Hexslinger began the quest for the Orb.
     0 | D:1      | Reached XP level 1. HP: 12/12 MP: 2/2
     0 | D:1      | 0 ||| qw: Version: 0.3-a-51-g015441d
     0 | D:1      | 0 ||| qw: Game counter: 4442
     0 | D:1      | 0 ||| qw: Melee chars always use a shield: true
     0 | D:1      | 0 ||| qw: God list: Okawaru
     0 | D:1      | 0 ||| qw: Allow faded altars: false
     0 | D:1      | 0 ||| qw: Do Orc after clearing Dungeon:15 true
     0 | D:1      | 0 ||| qw: Do second Lair branch before Depths: true
     0 | D:1      | 0 ||| qw: Lair rune preference: random
     0 | D:1      | 0 ||| qw: Goals: Normal
     0 | D:1      | 0 ||| PLANNING D:1-11
     3 | D:1      | Found Tiaclakh's Assorted Antiques.
    11 | D:1      | 11 ||| SHOPLISTING blackened ring mail (216 gold, have 0).
    11 | D:1      | 11 ||| SHOPLISTING ring mail (96 gold, have 0).
    11 | D:1      | 11 ||| SHOPLISTING scroll labelled FIXESAOKKO (24 gold,
                  | have 0).
    11 | D:1      | 11 ||| SHOPLISTING silvery potion (21 gold, have 0).
   131 | D:1      | You fall into a shaft and drop 1 floor!
   149 | D:2      | Reached XP level 2. HP: 16/16 MP: 3/3
   196 | D:2      | 196 ||| UPGRADING to +0 cloak.
   201 | D:2      | 201 ||| READING 2 scrolls labelled FIXESAOKKO.
   202 | D:2      | 202 ||| READING scroll labelled QAICWE IFRUER.
   203 | D:2      | 203 ||| DROPPING scroll of poison.
   224 | D:1      | Reached skill level 3 in Ranged Weapons
   359 | D:1      | Reached XP level 3. HP: 21/21 MP: 4/4
   812 | D:1      | Found Ecudusam's Assorted Antiques.
   819 | D:1      | 819 ||| SHOPLISTING 2 scrolls of identify (120 gold, have
                  | 40).
   819 | D:1      | 819 ||| SHOPLISTING ring mail (120 gold, have 40).
   819 | D:1      | 819 ||| SHOPLISTING scroll of identify (60 gold, have 40).
  1037 | D:1      | 1037 ||| UPGRADING to +0 leather armour.
  1047 | D:1      | 1047 ||| DROPPING +0 robe.
  1048 | D:1      | 1048 ||| READING scroll labelled FYV ITHREZAYCKOCA.
  1053 | D:1      | 1053 ||| READING scroll labelled AZOALLIUPT.
  1054 | D:1      | 1054 ||| READING scroll labelled OHIMAPY PIADU.
  1259 | D:2      | Noticed Terence
  1272 | D:2      | HP: 2/21 [Terence/+0 mace (6)]
  1273 | D:2      | Killed from afar by Terence

Levels and vault maps discovered:
D:1:      amcnicky_arrival_single_pillar, layout_basic, serial_shops, shop,
          shop, hangedman_glass_teeth
D:2:      layout_basic, ebering_ecumenical_altar_rust, minmay_close_crescents,
          uniq_terence

Skill      XL: |  1  2  3 |
---------------+----------+-----
Ranged Weapons | 3 |  3.3
Fighting       | 2 |  2.0
Dodging        | |  1.5
Spellcasting   | |  1.0
Hexes          | |  2.6

Action                     || total
---------------------------++-------
   Fire: Sling             ||    99
    Use: Scroll            ||     5
 Armour: Robe              ||    14
         Leather armour    ||     3
  Dodge: Dodged            ||    38

Table legend:
 A = Non-vault XP
 B = Vault XP
 C = Vault XP percentage of total XP
 D = Non-vault monster count
 E = Vault monster count
 F = Vault count percentage of total count
                 A         B        C        D         E       F
            +---------+---------+-------+---------+---------+-------
      Total |      55 |       1 |   1.8 |      33 |       1 |   2.9
            +---------+---------+-------+---------+---------+-------
        D:1 |      41 |       0 |   0.0 |      25 |       0 |   0.0
        D:2 |      14 |       1 |   6.7 |       8 |       1 |  11.1
            +---------+---------+-------+---------+---------+-------
